 Dungeon Crawl Stone Soup version 0.31.0-32-g396128a36d (webtiles) character file.

Game seed: 13139846561141977999

34 PaiMei the Grave Robber (level 3, -1/25 HPs)
             Began as a Demonspawn Necromancer on Mar 26, 2024.
             Slain by an orc wizard
             ... wielding a +0 dagger
              (3 damage)
             ... on level 2 of the Dungeon.
             The game lasted 00:02:20 (1754 turns).

PaiMei the Grave Robber (Demonspawn Necromancer)    Turns: 1754, Time: 00:02:21

Health: -1/25      AC:  3    Str:  8    XL:     3   Next: 14%
Magic:  0/6        EV: 12    Int: 17    God:
Gold:   115        SH:  0    Dex: 13    Spells: 5/6 levels left

rFire   . . .        c - +0 quarterstaff
rCold   . . .        (shield currently unavailable)
rNeg    . . .        i - +1 robe {Will+}
rPois   +            (helmet restricted)
rElec   .            (no cloak)
rCorr   .            (no gloves)
SInv    .            (no boots)
Will    +....        (no amulet)
Stlth   ++           l - ring of poison resistance
HPRegen 0.24/turn    (no ring)
MPRegen 0.10/turn

%: no passive effects
@: no status effects
A: antennae 1
a: no special abilities


You were on level 2 of the Dungeon.
You visited 1 branch of the dungeon, and saw 3 of its levels.

You collected 115 gold pieces.

Inventory:

Hand Weapons
 c - a +0 quarterstaff (weapon)
Missiles
 p - 3 poisoned darts
Armour
 g - a +2 scale mail of poison resistance
 i - a +1 robe of willpower (worn)
 k - an orb of wrath
Jewellery
 l - a ring of poison resistance (left hand)
Scrolls
 a - 3 scrolls of vulnerability {unknown}
 d - a scroll of immolation {unknown}
 h - 2 scrolls of identify {unknown}
 m - a scroll of fear {unknown}
Potions
 b - a potion of magic
 e - a potion of mutation {unknown}
 f - 2 potions of heal wounds {unknown}
 j - a potion of curing {unknown}
 n - a potion of cancellation {unknown}
 o - a potion of might {unknown}


   Skills:
 + Level 0.8 Fighting
 + Level 2.2 Dodging
 - Level 2.0 Stealth
 + Level 2.3 Spellcasting
 + Level 4.7 Necromancy


You had 5 spell levels left.
You knew the following spells:

 Your Spells              Type           Power      Damage    Failure   Level
a - Necrotise             Necr           72%        1d7       2%          1

Your spell library contained the following spells:

 Spells                   Type           Power      Damage    Failure   Level
 Vampiric Draining        Necr           18%        2d7       8%          3
 Animate Dead             Necr           18%        N/A       26%         4
 Curse of Agony           Necr           18%        N/A       58%         5


Dungeon Overview and Level Annotations

Branches:
Dungeon (3/15)

Altars:


Innate Abilities, Weirdness & Mutations

You have a pair of small antennae on your head.


Message History

You are confused.
You're too confused to move!
You bump into the rock wall.
Something hits you.
You hear some strange, mumbled words.
A puff of flame appears from out of thin air!
The puff of flame hits you!
You bump into the rock wall.
Something hits you.
* * * LOW HITPOINT WARNING * * *
The orc wizard gestures wildly while chanting.
The orc wizard flickers and vanishes!
There is a stone staircase leading up here.
Something hits you but does no damage.
You climb upwards.
Reactivating autopickup.
You feel less confused.
There is a stone staircase leading down here.
Deactivating autopickup; reactivate with Ctrl-A.
You miss something. Something hits you.
* * * LOW HITPOINT WARNING * * *
Casting: Necrotise (safe; 2% risk of failure)
Confirm with . or Enter, or press ? or * to list all spells.
Aiming: Necrotise (safe; 2% risk of failure)
Press: ? - help, Shift-Dir - straight line Nothing appears to happen.
Something hits you.
* * * LOW HITPOINT WARNING * * *
You miss something. Something completely misses you.
You hit something but do no damage. Something hits you.
* * * LOW HITPOINT WARNING * * *
You hit something. Something hits you.
* * * LOW HITPOINT WARNING * * *
Something barely misses you.
Casting: Necrotise (safe; 2% risk of failure)
Confirm with . or Enter, or press ? or * to list all spells.
Aiming: Necrotise (safe; 2% risk of failure)
Press: ? - help, Shift-Dir - straight line Nothing appears to happen.
Something hits you.
* * * LOW HITPOINT WARNING * * *
You hit something but do no damage. Something hits you.
You die...

##.######.##.#######.#
##........##.# #.#
..##########.# #.# #†#
#.# #># #.# #.# #.# ##
#.# #.# #.# #. #.#
#.#######.# #. #.#
#.........# #. #.#
###..@.#### #. #.#
###.{# #. #.# #..# #.
#.# #..# #) #.# ##..#
#. #.# ###...# ######
#.# #.....# #..... #.#
#.#...# #.#### ..#
#.###.# ##.## #


There were no monsters in sight!

Vanquished Creatures
  A ribbon worm (D:2)
  A dart slug (D:1)
  5 bats
  An endoplasm (D:1)
  4 giant cockroaches
  A hobgoblin (D:1)
  2 jackals (D:1)
  2 kobolds (D:1)
  2 ball pythons
  2 frilled lizards (D:1)
  3 goblins (D:1)
  3 rats
27 creatures vanquished.

Notes
Turn   | Place    | Note
-------+----------+-------------------------------------------
     0 | D:1      | PaiMei the Demonspawn Necromancer began the quest for the
                  | Orb.
     0 | D:1      | Reached XP level 1. HP: 13/13 MP: 3/3
   230 | D:1      | Gained mutation: You have a pair of small antennae on your
                  | head. [demonic ancestry]
   230 | D:1      | Reached XP level 2. HP: 19/19 MP: 0/5
  1142 | D:2      | Reached XP level 3. HP: 25/25 MP: 3/6
  1754 | D:2      | Slain by an orc wizard

Illustrated notes

Levels and vault maps discovered:
D:1:      matt_arrival_refuge, layout_basic, nicolae_figureground_pulse
D:2:      layout_loops_ring
D:3:      layout_loops_ring, uniq_sigmund, uniq_ijyb

Skill      XL: |  1 |
---------------+----+-----
Dodging        | 2 |  2.2
Stealth        | 2 |  2.0
Fighting       | |  0.8
Spellcasting   | |  2.3
Necromancy     | |  4.7

Action                     || total
---------------------------++-------
  Melee: Quarterstaff      ||    19
   Cast: Necrotise         ||    54
 Armour: Robe              ||    25
  Dodge: Dodged            ||    18
